 Dungeon Crawl Stone Soup version 0.32-a0-898-g7811c86cf0 (webtiles) character file.

Game seed: 6182915531637150021

128507 Ajdolov the Spear-Bearer (level 16, -3/122 HPs)
             Began as a Mummy Alchemist on Apr 4, 2024.
             Was an Initiate of Gozag.
             Constricted to death by Vashnia (9 damage)
             ... on level 3 of the Snake Pit.
             The game lasted 01:28:53 (37734 turns).

Ajdolov the Spear-Bearer (Mummy Alchemist)         Turns: 37734, Time: 01:28:54

Health: -3/122     AC: 28    Str: 16    XL:     16   Next: 48%
Magic:  20/32      EV:  0    Int: 25    God:    Gozag
Gold:   4769       SH:  0    Dex: 12    Spells: 17/39 levels left

rFire   + . .        l - +8 lance "Wyrmbane" {slay drac, rPois rF+ rC+ AC+3}
rCold   + + .        (no shield)
rNeg    + + +        E - +3 leather armour of Bumoani {rElec Str+4}
rPois   ∞            h - +2 helmet {Int+3}
rElec   +            p - +1 cloak
rCorr   .            n - +2 pair of gloves
SInv    .            g - +2 pair of boots
Will    +....        z - amulet of the acrobat
Stlth   +            o - ring of protection from fire
HPRegen 0.40/turn    t - ring of flight
MPRegen 0.23/turn

%: acrobat, faith
@: ice-armoured, about to teleport, weak-willed, freezing walls, flying,
constricted
A: cold resistance 1, negative energy resistance 3, torment resistance 2, heat
vulnerability 1, in touch with death 2, no potions, faith
a: Renounce Religion, Potion Petition, Call Merchant, Bribe Branch


You were on level 3 of the Snake Pit.
You worshipped Gozag.
Gozag was most pleased with you.
You visited 5 branches of the dungeon, and saw 25 of its levels.

You collected 10465 gold pieces.
You spent 2969 gold pieces at shops.
You paid 2727 gold pieces to Gozag.

Inventory:

Hand Weapons
 l - the +8 lance "Wyrmbane" (weapon) {slay drac, rPois rF+ rC+ AC+3}
   (You found it on level 3 of the Dungeon)

   AC+3:      It affects your AC (+3).
   rF+:       It protects you from fire.
   rC+:       It protects you from cold.
   rPois:     It protects you from poison.
Armour
 g - a +2 pair of boots (worn)
 h - a +2 helmet of intelligence (worn)
 n - a +2 pair of gloves (worn)
 p - a +1 cloak (worn)
 E - the +3 leather armour of Bumoani (worn) {rElec Str+4}
   (You bought it in a shop on level 1 of the Snake Pit)

   Str+4:     It affects your strength (+4).
   rElec:     It insulates you from electricity.
Jewellery
 o - a ring of protection from fire (left hand)
 t - a ring of flight (right hand)
 w - a ring of resist corrosion
 z - an amulet of the acrobat (around neck)
Wands
 e - a wand of quicksilver (13)
 j - a wand of digging (8)
 r - a wand of iceblast (20)
 v - a wand of flame (11)
 y - a wand of polymorph (12)
 A - a wand of mindburst (4)
 C - a wand of charming (7)
Scrolls
 a - 4 scrolls of immolation
 b - 2 scrolls of vulnerability
 c - 7 scrolls of identify
 d - 4 scrolls of poison
 f - 2 scrolls of butterflies
 i - 2 scrolls of fear
 k - 13 scrolls of teleportation
 m - 3 scrolls of amnesia
 q - a scroll of torment
 s - 4 scrolls of noise
 u - 7 scrolls of fog
 x - 3 scrolls of blinking
 D - 2 scrolls of revelation
Miscellaneous
 B - a lightning rod (4/4)


   Skills:
 - Level 10.0 Fighting
 - Level 12.0 Polearms
 + Level 3.8 Armour
 - Level 1.5 Dodging
 - Level 1.5 Stealth
 - Level 12.0 Spellcasting
 - Level 5.0 Conjurations
 + Level 9.0 Hexes
 - Level 10.0 Fire Magic
 - Level 8.0 Ice Magic
 - Level 7.5 Alchemy
 - Level 9.0 Evocations


You had 17 spell levels left.
You knew the following spells:

 Your Spells              Type           Power      Damage    Failure   Level
a - Sting                 Conj/Alch      100%       1d9       1%          1
b - Mercury Vapours       Alch/Air       66%        N/A       1%          2
c - Olgreb's Toxic Radia  Alch           51%        N/A       2%          4
d - Mephitic Cloud        Conj/Alch/Air  35%        N/A       2%          3
e - Tukima's Dance        Hex            57%        N/A       1%          3
f - Ozocubu's Armour      Ice            53%        N/A       1%          3
g - Frozen Ramparts       Ice            100%       1d16      1%          3
h - Stone Arrow           Conj/Erth      54%        3d10      4%          3

Your spell library contained the following spells:

 Spells                   Type           Power      Damage    Failure   Level
 Jinxbite                 Hex            100%       N/A       1%          2
 Sticky Flame             Fire/Alch      56%        2d10      1%          4
 Apportation              Tloc           30%        N/A       4%          1
 Necrotise                Necr           100%       1d9       4%          1
 Metabolic Englaciation   Hex/Ice        27%        N/A       4%          5
 Alistair's Intoxication  Alch           34%        N/A       6%          5
 Dimensional Bullseye     Hex/Tloc       18%        N/A       8%          4
 Vampiric Draining        Necr           33%        2d8       14%         3
 Iskenderun's Mystic Bla Conj/Tloc 27%            2d7        (+2d3     17%         4
 Animate Armour           Summ/Erth      30%        N/A       43%         4
 Martyr's Knell           Necr/Summ      33%        N/A       43%         4
 Curse of Agony           Necr           33%        N/A       78%         5
 Malign Gateway           Summ/Tloc      7%         N/A       100%        7
 Lehudib's Crystal Spear  Conj/Erth      13%        10d5      100%        8
 Summon Horrible Things   Summ           7%         N/A       100%        8


Dungeon Overview and Level Annotations

Branches:
Dungeon (15/15)            Temple (0/1) D:7            Lair (4/5) D:11
 Shoals (1/4) Lair:3        Snake (3/4) Lair:2          Orc (2/2) D:11
    Elf (0/3) Orc:2        Vaults (0/5) D:14         Depths (0/4) D:15
  Slime: Lair:4-5

Altars:
Ashenzari
Cheibriados
Gozag
Makhleb
Nemelex Xobeh
Okawaru
Qazlal
Sif Muna
Trog
Uskayaw
Wu Jian
Xom
Yredelemnul
Beogh

Shops:
D:1 :   D:3 *   D:5 *   D:7 (   D:12 :   Orc:2 *!(=   Snake:1 ?([:   Snake:2 ?

Portals:
Trove: D:15 (give ring mail of Xiroagets)

Annotations:
D:5 1 runed translucent door, Crazy Yiuf
D:12 1 runed translucent door, Satuseaff's ghost, journeyman SpAl
Lair:1 2 transporters, topfpfpflanze's ghost, journeyman OpAE
Snake:1 3 runed translucent doors, kuniqs's ghost, adept DsBe
Snake:3 Vashnia


Innate Abilities, Weirdness & Mutations

You are immune to poison.
Your flesh is cold resistant. (rC+)
You are immune to negative energy. (rN+++)
You are immune to unholy pain and torment.
You are vulnerable to heat. (rF-)
You are strongly in touch with the powers of death.
You do not drink.
You have a special connection with the divine. (Faith)


Message History

Casting: Frozen Ramparts (safe; 1% risk of failure)
Press: ? - help, Dir - look around, f - activate The walls around you are covered in ice.
Your +0 longbow shoots an arrow.
The arrow hits Vashnia.
The wall freezes Vashnia but does no damage.
Your +0 longbow shoots an arrow.
The arrow closely misses Vashnia.
Unknown command.
You miss Vashnia.
Vashnia is moderately wounded.
Unknown command.
You hit Vashnia but do no damage.
Vashnia is moderately wounded.
The naga sharpshooter spits poison at you.
The splash of poison misses you.
Vashnia resists.
The wall freezes Vashnia.
Vashnia wields a +1 trident of distortion.
Its appearance distorts for a moment.
Vashnia hits you with a +1 trident of distortion!
Space warps horribly around you!!
* * * LOW HITPOINT WARNING * * *
Vashnia grabs you. Vashnia constricts you.
* * * LOW HITPOINT WARNING * * *
You barely miss Vashnia.
Vashnia is moderately wounded.
Your +0 longbow shoots an arrow.
The arrow hits Vashnia.
Unknown command.
As you read the scroll of teleportation, it crumbles to dust.
You feel strangely unstable.
The naga sharpshooter unwields a +0 war axe.
The naga sharpshooter wields a +0 arbalest.
The naga sharpshooter shoots a bolt.
The bolt hits you but does no damage.
Your +0 longbow shoots an arrow.
The arrow hits Vashnia!
Vashnia resists.
The wall freezes Vashnia.
Vashnia hits you with a +1 trident of distortion!!
* * * LOW HITPOINT WARNING * * *
Space warps around you.
* * * LOW HITPOINT WARNING * * *
Vashnia constricts you!
You die...
Vashnia says, "All clear.
Let's check for more."
Your body crumbles into a pile of gold.

#.... ....#
#...N ....#
#..... .....#
#.....
.....####
#....#####....#
#.##
#...........#
##..##
#...N)..#
#....#
####..)#####
##....
#.@..).)...##
##.#.
##N.####..#.##
##.. #..#
##....## ##.
###..###
##....####.
#.(....##
##..##....
###.......##
##.)..#..
#....(.....##
#...###. ..#
...#
.#..........#
##).# #. ..#
...#
.#..........#
#!.## #.


You could see Vashnia (weak-willed, ally target), a naga sharpshooter (catching
breath) and a friendly +0 longbow.

Vanquished Creatures
  Agnes (D:14)
  Kirke (Lair:3)
  2 nagarajas
  An orc warlord (Orc:2)
  An ettin (Orc:2)
  An entropy weaver (shapeshifter) (D:14)
  Fannar (D:11)
  A rakshasa (D:14)
  7 vault guards (D:14)
  3 hydras
  5 centaur warriors
  2 boulder beetles
  2 ogre magi (D:15)
  A death knight (D:14)
  8 two-headed ogres
  A merfolk avatar (Shoals:1)
  7 anacondas
  6 naga sharpshooters
  A deep troll earth mage (D:15)
  4 naga warriors
  6 orc high priests (Orc:2)
  A tengu warrior (D:12)
  A shock serpent (Snake:3)
  3 death yaks (Lair:4)
  2 sea snakes (Shoals:1)
  A skeletal warrior (D:13)
  2 skysharks (Shoals:1)
  12 mana vipers
  Lodul (D:14)
  A sea snake (shapeshifter) (D:15)
  6 naga ritualists
  An arcanist (D:15)
  3 obsidian bats
  3 orc knights
  3 salamanders
  2 manticores
  3 orc sorcerers (Orc:2)
  3 fauns (Shoals:1)
  11 ugly things (D:15)
  A meliai (shapeshifter) (D:9)
  7 cyclopes
  11 elephants
  3 meliai (D:15)
  A guardian serpent (Snake:1)
  5 kobold blastminers
  27 black mambas
  4 merfolk sirens
  2 water nymphs (Shoals:1)
  5 naga magi
  3 gargoyles
  A torpor snail (Lair:2)
  2 rime drakes (Lair:3)
  7 cane toads
  A kobold demonologist (D:12)
  An efreet (D:13)
  6 komodo dragons
  4 freezing wraiths
  A hornet (D:12)
  4 merfolk
  A polar bear (Lair:3)
  8 trolls
  2 wind drakes (Shoals:1)
  Grinder (D:3)
  12 blink frogs
  2 dream sheep (Lair:2)
  4 slime creatures
  A centaur simulacrum (D:12)
  2 shadows (D:12)
  A vampire (D:12)
  A water elemental (Shoals:1)
  2 wraiths
  3 basilisks
  3 wyverns
  10 wargs
  44 yaks
  5 humans (D:14)
  4 steam dragons
  Eustachio (D:3)
  4 hogs (Lair:3)
  18 nagas
  A naga (shapeshifter) (D:14)
  An acid dragon (D:10)
  4 vampire mosquitoes (D:12)
  Duvessa (D:6)
  5 water moccasins
  36 orc warriors
  An ice beast (D:6)
  3 black bears
  29 ogres
  17 centaurs
  2 phantoms
  3 bullfrogs
  2 gnoll sergeants
  3 scorpions
  Dowan (D:6)
  6 killer bees (D:11)
  3 electric eels
  9 howler monkeys
  A jelly (D:8)
  3 hounds
  36 orc priests
  4 bombardier beetles
  8 iguanas
  22 orc wizards
  9 gnolls
  8 adders
  A river rat (D:11)
  2 shadow imps (D:7)
  A white imp (D:7)
  2 dart slugs (D:3)
  A ribbon worm (D:3)
  111 orcs
  6 bats
  7 endoplasms
  4 giant cockroaches
  4 goblins
  5 hobgoblins
  7 kobolds
  3 quokkas
  6 ball pythons
  A frilled lizard (D:2)
  3 rats
  A butterfly (Lair:1)
729 creatures vanquished.

Vanquished Creatures (collateral kills)
  An ettin (Orc:2)
  2 orc knights
  A salamander (Snake:3)
  A kobold blastminer (Orc:1)
  A troll (Orc:1)
  3 nagas
  3 orc warriors (Orc:2)
  An orc (Orc:2)
13 creatures vanquished.

Vanquished Creatures (others)
  7 dancing weapons
  A human (Lair:3)
8 creatures vanquished.

Grand Total: 750 creatures vanquished

Notes
Turn   | Place    | Note
-------+----------+-------------------------------------------
     0 | D:1      | Ajdolov the Mummy Alchemist began the quest for the Orb.
     0 | D:1      | Reached XP level 1. HP: 13/13 MP: 4/4
   152 | D:1      | Found a faded altar of an unknown god.
   194 | D:1      | Found Qickusiac's Book Emporium.
   408 | D:1      | Reached XP level 2. HP: 18/19 MP: 0/6
  1178 | D:2      | Learned a level 2 spell: Mercury Vapours
  1271 | D:2      | Reached XP level 3. HP: 24/24 MP: 1/8
  1899 | D:3      | Identified the +8 spear "Sexoklaz" {heavy, rC+ Str-4 Int+4
                  | Dex+2}
  2353 | D:3      | Reached XP level 4. HP: 28/30 MP: 8/10
  2360 | D:3      | Learned a level 4 spell: Olgreb's Toxic Radiance
  2392 | D:3      | Found the +8 lance "Wyrmbane" {slay drac, rPois rF+ rC+
                  | AC+3}
  2709 | D:3      | Found an opulent altar of Gozag.
  2713 | D:3      | Found Gozag's Platinum Reserve.
  2717 | D:3      | Became a worshipper of Gozag Ym Sagoz the Greedy
  2855 | D:4      | Noticed a phantom
  2860 | D:4      | Killed a phantom
  2861 | D:4      | Reached skill level 5 in Spellcasting
  2861 | D:4      | Reached XP level 5. HP: 35/35 MP: 10/12
  3438 | D:4      | Noticed Eustachio
  3534 | D:3      | Killed Eustachio
  3535 | D:3      | Reached XP level 6. HP: 39/41 MP: 12/15
  3739 | D:4      | Noticed Grinder
  3771 | D:3      | Killed Grinder
  3772 | D:3      | Reached skill level 5 in Alchemy
  3772 | D:3      | Reached XP level 7. HP: 43/46 MP: 7/17
  4355 | D:5      | Entered Level 5 of the Dungeon
  4407 | D:5      | Found Jurun's Fire Supplies.
  4771 | D:5      | Noticed a two-headed ogre
  4889 | D:4      | Learned a level 3 spell: Mephitic Cloud
  4973 | D:5      | Found a broken altar of Ashenzari.
  5091 | D:5      | Found a basalt altar of Yredelemnul.
  5254 | D:5      | Found a runed translucent door.
  5255 | D:5      | Noticed Crazy Yiuf
  5483 | D:6      | Found a hide-covered altar of Uskayaw.
  5539 | D:6      | Reached XP level 8. HP: 53/53 MP: 14/20
  5684 | D:6      | Reached skill level 1 in Fighting
  5684 | D:6      | Reached skill level 1 in Polearms
  5904 | D:6      | Noticed Dowan
  5906 | D:6      | Noticed Duvessa
  5929 | D:6      | Killed Duvessa
  5936 | D:6      | Killed Dowan
  6090 | D:6      | Found a bloodstained altar of Trog.
  6384 | D:7      | Found a burning altar of Makhleb.
  6420 | D:7      | Found an iron altar of Okawaru.
  6448 | D:7      | Found Emouc's Hydra Hut.
  6450 | D:7      | Noticed a five-headed hydra
  6663 | D:7      | Found a staircase to the Ecumenical Temple.
  7624 | D:8      | Reached XP level 9. HP: 55/65 MP: 13/21
  8410 | D:9      | Noticed a troll
  8413 | D:9      | Noticed a two-headed ogre
  8414 | D:9      | Killed a troll
  8420 | D:9      | Killed a two-headed ogre
  8421 | D:9      | Reached skill level 5 in Fighting
  8421 | D:9      | Reached skill level 5 in Polearms
  8547 | D:9      | Noticed a two-headed ogre
  8918 | D:9      | Reached XP level 10. HP: 74/74 MP: 12/22
  9084 | D:9      | Killed a two-headed ogre
  9255 | D:9      | a polar bear changed into a meliai
  9255 | D:9      | Noticed a meliai (shapeshifter)
  9263 | D:9      | Killed a meliai
  9469 | D:9      | Noticed a cyclops
  9664 | D:10     | Entered Level 10 of the Dungeon
 10133 | D:10     | Found a shimmering blue altar of Sif Muna.
 10150 | D:10     | Found a stormy altar of Qazlal.
 10153 | D:10     | Found a shimmering altar of Xom.
 10466 | D:10     | Found an ornate altar of the Wu Jian Council.
 11003 | D:10     | Reached skill level 10 in Polearms
 11103 | D:11     | Found a staircase to the Lair.
 11427 | D:11     | Reached XP level 11. HP: 66/79 MP: 5/23
 12391 | D:11     | Found a staircase to the Orcish Mines.
 12502 | D:11     | Noticed Fannar
 12520 | D:11     | Killed Fannar
 12619 | D:11     | Learned a level 3 spell: Tukima's Dance
 12697 | Orc:1    | Entered Level 1 of the Orcish Mines
 12714 | Orc:1    | Noticed an orc knight
 12719 | Orc:1    | Reached skill level 1 in Hexes
 13057 | Lair:1   | Entered Level 1 of the Lair of Beasts
 13101 | Lair:1   | You are sucked into a shaft and drop 1 floor!
 13888 | Lair:1   | Found a transporter.
 13892 | Lair:1   | Noticed topfpfpflanze's ghost (journeyman OpAE)
 13909 | Lair:1   | Found a transporter.
 13919 | Lair:1   | Noticed a skyshark
 14579 | Lair:2   | Reached skill level 10 in Spellcasting
 14681 | Lair:2   | Reached XP level 12. HP: 78/86 MP: 18/26
 16031 | Lair:2   | Found a staircase to the Snake Pit.
 16405 | D:5      | Bought a ring of protection from fire for 325 gold pieces
 16466 | D:1      | Bought a book of Winter for 364 gold pieces
 16470 | D:1      | Learned a level 3 spell: Ozocubu's Armour
 16710 | Lair:3   | Reached skill level 1 in Ice Magic
 17319 | Lair:3   | Learned a level 3 spell: Frozen Ramparts
 17414 | Lair:3   | Noticed Kirke
 17445 | Lair:3   | Killed Kirke
 17855 | Lair:3   | Found a staircase to the Shoals.
 17872 | Lair:3   | Reached skill level 10 in Fighting
 17872 | Lair:3   | Reached skill level 5 in Ice Magic
 18319 | Lair:4   | Noticed a five-headed hydra
 18370 | Lair:4   | Gained mutation: You are strongly in touch with the powers
                  | of death. [Mummy growth]
 18370 | Lair:4   | Reached XP level 13. HP: 75/103 MP: 24/27
 20342 | Orc:1    | Found a roughly hewn altar of Beogh.
 21156 | Orc:2    | Entered Level 2 of the Orcish Mines
 21438 | Orc:2    | Reached skill level 1 in Conjurations
 21714 | Orc:2    | Found a roughly hewn altar of Beogh.
 22104 | Orc:2    | Found Vodosabi's Assorted Antiques.
 22137 | Orc:2    | Bought a scroll of teleportation for 75 gold pieces
 22212 | Orc:2    | Found Ciuqisab's Distillery.
 22494 | Orc:2    | Reached skill level 5 in Conjurations
 22498 | Orc:2    | Identified the +6 scale mail of Dramatic Exits {Dex+3}
 22618 | Orc:2    | Reached skill level 1 in Evocations
 22966 | Orc:2    | Noticed an ettin
 23015 | Orc:2    | Killed an ettin
 23016 | Orc:2    | Reached XP level 14. HP: 31/110 MP: 10/30
 23664 | Orc:2    | Found a staircase to the Elven Halls.
 24336 | Orc:2    | Learned a level 3 spell: Stone Arrow
 24420 | Orc:2    | Noticed an orc warlord
 24716 | Orc:2    | Killed an orc warlord
 24913 | Orc:2    | Found Coqolex's Antique Weapon Shop.
 25035 | Orc:2    | Reached skill level 5 in Evocations
 25377 | Orc:2    | Found a roughly hewn altar of Beogh.
 25542 | Orc:2    | Found Kishron's Jewellery Emporium.
 25588 | Orc:2    | Bought a scroll of poison for 52 gold pieces
 25588 | Orc:2    | Bought 3 scrolls of fog for 156 gold pieces
 25588 | Orc:2    | Bought a scroll of identify for 26 gold pieces
 25588 | Orc:2    | Bought a scroll of identify for 26 gold pieces
 25588 | Orc:2    | Bought a scroll of acquirement for 676 gold pieces
 25588 | Orc:2    | Bought a scroll of identify for 26 gold pieces
 25592 | Orc:2    | Acquired 495 gold pieces
 25594 | Orc:2    | Acquired 781 gold pieces
 26656 | D:12     | Found a runed translucent door.
 26656 | D:12     | Noticed Satuseaff's ghost (journeyman SpAl)
 27300 | D:13     | Reached skill level 5 in Hexes
 28165 | D:14     | Found a sparkling altar of Nemelex Xobeh.
 28406 | D:14     | Noticed Agnes
 28425 | D:14     | Killed Agnes
 28933 | D:14     | Found a gate to the Vaults.
 29896 | D:14     | Noticed Lodul
 29919 | D:14     | Killed Lodul
 30339 | D:14     | Found a snail-covered altar of Cheibriados.
 30467 | D:14     | Reached XP level 15. HP: 87/115 MP: 24/31
 30711 | D:15     | Entered Level 15 of the Dungeon
 31344 | D:15     | Reached skill level 1 in Fire Magic
 31503 | D:15     | Found a staircase to the Depths.
 32325 | D:15     | Found a portal to a secret trove of treasure.
 32695 | Shoals:1 | Entered Level 1 of the Shoals
 32910 | Shoals:1 | Reached skill level 5 in Fire Magic
 34076 | Snake:1  | Entered Level 1 of the Snake Pit
 34894 | Snake:1  | Reached XP level 16. HP: 122/122 MP: 28/32
 35036 | Snake:1  | Found Ynorhiaf's Book Shop.
 35039 | Snake:1  | Found Royxta's Armour Shop.
 35039 | Snake:1  | Found Jusosis's Weapon Boutique.
 35227 | Snake:1  | Found Riyn's Magic Scroll Boutique.
 35242 | Snake:1  | Bought a scroll of teleportation for 48 gold pieces
 35242 | Snake:1  | Bought a scroll of fear for 64 gold pieces
 35242 | Snake:1  | Bought a scroll of teleportation for 48 gold pieces
 35242 | Snake:1  | Bought a scroll of teleportation for 48 gold pieces
 35242 | Snake:1  | Bought a scroll of poison for 64 gold pieces
 35325 | Snake:1  | Bought the +3 leather armour of Bumoani {rElec Str+4} for
                  | 630 gold pieces
 35657 | Snake:1  | Found a runed translucent gate.
 35657 | Snake:1  | Found a runed translucent gate.
 35657 | Snake:1  | Found a runed translucent gate.
 35657 | Snake:1  | Noticed kuniqs's ghost (adept DsBe)
 35910 | Snake:2  | Reached skill level 1 in Armour
 36198 | Snake:2  | Found Wykleacw's Magic Scroll Emporium.
 36206 | Snake:2  | Bought a scroll of blinking for 142 gold pieces
 36206 | Snake:2  | Bought a scroll of teleportation for 57 gold pieces
 36206 | Snake:2  | Bought a scroll of enchant armour for 142 gold pieces
 36397 | Snake:2  | Identified the +9 long sword of the Desolation of Salt
                  | {protect, rN+ MP+9 Str+3}
 36408 | Snake:2  | Identified the +2 leather armour of Gallantry {Regen+ MP+9
                  | Int-4}
 37173 | Snake:3  | Reached skill level 10 in Fire Magic
 37708 | Snake:3  | Noticed Vashnia
 37734 | Snake:3  | HP: 6/122 [Vashnia/+1 trident of distortion (4)]
 37734 | Snake:3  | Constricted to death by Vashnia

Illustrated notes

Levels and vault maps discovered:
D:1:      lemuel_arrival_rhombus, layout_basic, serial_shops, shop,
          nicolae_ecumenical_lake_church
D:2:      layout_loops_corners
D:3:      minmay_octagon_keep, layout_basic, nicolae_gozag_zags_fifth_avenue,
          nicolae_eternal_life
D:4:      layout_basic, uniq_eustachio, uniq_grinder
D:5:      layout_cave_pools, lemuel_crystal_altar,
          nicolae_overflow_crystal_walls, nicolae_shop_fire_sale
          [nicolae_sub_dead_trees], uniq_crazy_yiuf_cottage
D:6:      minmay_angry_zag, layout_gridville, mainiacjoe_overflow_boulevard,
          lemuel_crystal_altar, chequers_arboretum,
          ebering_dispersal_statue_hall, uniq_duvessa
D:7:      layout_gridville, tso_altar, mainiacjoe_overflow_catch_the_wave,
          temple_statues, doesnt_shop_hydraphobe
D:8:      layout_basic, supply_closet_lemuel
D:9:      layout_basic, grunt_tough_drop
D:10:     layout_gridville, grunt_temple_overflow_cloverleaf,
          nicolae_wu_jian_wuxing_cycle
D:11:     layout_basic, dpeg_lair_monsters, david_orc_4, feat_on_display,
          uniq_fannar
D:12:     layout_basic, ebering_ghost_inner_flame,
          minmay_mirror_moons_of_madness
D:13:     layout_gridville
D:14:     layout_cave_pods, ximxim_vaults_locker_room,
          nemelex_lonely_heart_becter, cheibriados_altar_1, uniq_lodul,
          uniq_agnes
D:15:     hellmonk_depths_entry_around_the_bend, layout_basic,
          nicolae_trove_entry_columns, hangedman_decor_push
Lair:1:   layout_chaotic_city, gammafunk_ghost_berserking_beasts,
          lemuel_fruit_fields
Lair:2:   layout_cave_pods, nicolae_snake_entry_squirm
Lair:3:   layout_regular_city, elwin_shoals_entry_stream, uniq_kirke
Lair:4:   layout_cave_pods, serial_bayou_shore_a
Shoals:1: layout_shoals
Snake:1:  layout_rooms, gammafunk_ghost_necromancy, minmay_shoptagon
Snake:2:  layout_honeycomb, serial_shops, shop_fountains
Snake:3:  layout_concentric_octagons, st_stairs_12, serial_bayou_pond_e,
          nicolae_snake_mages_go_home, uniq_vashnia, uniq_aizul, uniq_asterion
Orc:1:    layout_caves, regret_index_minedec_guest_junction, mines1_david
Orc:2:    pubby_orc_utopia

Skill      XL: |  1  2  3  4  5  6  7  8  9 10 11 12 13 14 15 16 |
---------------+-------------------------------------------------+-----
Spellcasting   | 3 4 5 6 8 10 12 | 12.0
Alchemy        | 3 4 5 6 7 |  7.5
Fighting       | 4 5 10 | 10.0
Polearms       | 3 7 10 12 | 12.0
Hexes          | 4 6 8 9 |  9.0
Ice Magic      | 5 8 |  8.0
Conjurations   | 5 |  5.0
Evocations     | 2 9 |  9.0
Fire Magic     | 8 10 | 10.0
Armour         | 3 |  3.8
Dodging        | |  1.5
Stealth        | |  1.5

Action                     |  1- 3 |  4- 6 |  7- 9 | 10-12 | 13-15 | 16-18 || total
---------------------------+-------+-------+-------+-------+-------+-------++-------
  Melee: Unarmed           |     6 |       |       |       |       |       ||     6
         Dagger            |    10 |       |       |       |       |       ||    10
         Short sword       |     3 |       |       |       |       |       ||     3
         Spear             |    13 |     5 |       |       |       |       ||    18
         Lance             |       |    42 |   142 |   602 |  1324 |   289 ||  2399
   Cast: Sting             |    48 |    40 |    66 |    39 |    15 |       ||   208
         Mercury Vapours   |     6 |     3 |     4 |    10 |       |       ||    23
         Olgreb's Toxic Ra |       |       |    16 |    74 |   133 |       ||   223
         Mephitic Cloud    |       |       |     7 |    38 |    18 |       ||    63
         Ozocubu's Armour  |       |       |       |    11 |   100 |    21 ||   132
         Tukima's Dance    |       |       |       |     6 |    51 |     3 ||    60
         Frozen Ramparts   |       |       |       |     5 |    75 |    28 ||   108
         Stone Arrow       |       |       |       |       |    69 |    30 ||    99
 Invoke: Potion Petition   |       |       |       |     1 |     2 |       ||     3
         Call Merchant     |       |       |       |       |     2 |       ||     2
    Use: Scroll            |       |       |       |    12 |    13 |     3 ||    28
   Stab: Sleeping          |     2 |     1 |     1 |       |     2 |       ||     6
         Confused          |       |       |     1 |    33 |     9 |       ||    43
         Distracted        |       |       |       |     3 |     1 |       ||     4
 Armour: Robe              |    42 |    31 |    92 |   271 |   822 |    49 ||  1307
         Leather armour    |       |       |       |       |       |   151 ||   151
  Dodge: Dodged            |    56 |    38 |    69 |   137 |   452 |    53 ||   805

Table legend: (Time is in decaauts)
 A = Elapsed time spent in this place.
 B = Non-inter-level travel time spent in this place.
 C = Inter-level travel time spent in this place.
 D = Time resting spent in this place.
 E = Time spent auto-exploring this place.
 F = Levels seen in this place.
 G = Mean time per level.
                   A        B        C        D        E       F      G
               +--------+--------+--------+--------+--------+-----+--------+
         Total |  36700 |  34421 |   2279 |   2683 |  26208 |  25 | 1468.0 |
       Dungeon |  20362 |  18840 |   1522 |   1408 |  14663 |  15 | 1357.5 |
          Lair |   6469 |   5879 |    590 |    269 |   4675 |   4 | 1617.2 |
        Shoals |   1213 |   1190 |     23 |      0 |    996 |   1 | 1213.0 |
     Snake Pit |   3419 |   3349 |     70 |    569 |   2079 |   3 | 1139.7 |
  Orcish Mines |   5235 |   5163 |     72 |    436 |   3794 |   2 | 2617.5 |
               +--------+--------+--------+--------+--------+-----+--------+

Top non-repeatable levels by time:
   Orc:2: 4284 daAuts
    D:11: 2359 daAuts
    D:14: 2267 daAuts
  Lair:2: 2252 daAuts
    D:15: 1747 daAuts
  Lair:3: 1618 daAuts
 Snake:1: 1556 daAuts
  Lair:4: 1465 daAuts
     D:8: 1441 daAuts
     D:4: 1425 daAuts
     D:9: 1417 daAuts
    D:13: 1355 daAuts
    D:12: 1231 daAuts
     D:3: 1223 daAuts
    D:10: 1218 daAuts
